 Dungeon Crawl Stone Soup version 0.26.1-2-gb8aa6d0cf2 (console) character file.

Game seed: 1282697653876083321

129 om the Shield-Bearer (level 5, -1/42 HPs)
             Began as a Formicid Fighter on Feb 17, 2021.
             Slain by a worm (3 damage)
             ... on level 3 of the Dungeon.
             The game lasted 00:04:44 (2680 turns).

om the Shield-Bearer (Formicid Fighter)             Turns: 2680, Time: 00:04:45

Health: -1/42      AC:  4    Str: 20    XL:     5   Next: 35%
Magic:  5/5        EV:  8    Int:  8    God:
Gold:   153        SH: 10    Dex: 11    Spells: 4/4 levels left

rFire    . . .     SeeInvis +   a - +0 long sword
rCold    . . .     Faith    .   c - +1 kite shield
rNeg     . . .     Spirit   .   b - +0 scale mail
rPois    .         Reflect  .   (helmet unavailable)
rElec    .         Harm     .   (no cloak)
rCorr    .         Rampage  .   (no gloves)
Will     .....                  (no boots)
Stlth    +.........             (no amulet)
HPRegen  0.14/turn              (no ring)
MPRegen  0.09/turn              (no ring)

@: no status effects
A: permanent stasis, dig shafts and tunnels, four strong arms, antennae 3,
deformed body, subdued magic 1
a: Dig, Shaft Self


You were on level 3 of the Dungeon.
You visited 1 branch of the dungeon, and saw 3 of its levels.

You collected 153 gold pieces.

Inventory:

Hand Weapons
 a - a +0 long sword (weapon)
Armour
 b - a +0 scale mail (worn)
 c - a +1 kite shield (worn)
Jewellery
 f - an uncursed amulet of faith
Wands
 o - a wand of acid (10)
Scrolls
 e - a scroll of remove curse {unknown}
 g - a scroll of fear {unknown}
 i - a scroll of enchant armour
 j - 2 scrolls of identify
 k - 2 scrolls of teleportation
Potions
 h - a potion of curing
 l - a potion of lignification {unknown}
 m - a potion of magic {unknown}
 n - a potion of heal wounds {unknown}
 p - a potion of cancellation {unknown}


   Skills:
 + Level 3.7 Fighting
 * Level 3.0 Long Blades
 + Level 3.8 Armour
 + Level 1.0 Dodging
 * Level 2.8 Stealth
 + Level 4.1 Shields


You had 4 spell levels left.
You didn't know any spells.
Your spell library was empty.

Dungeon Overview and Level Annotations

Branches:
Dungeon (3/15)

Altars:


Innate Abilities, Weirdness & Mutations

You cannot be hasted, slowed, berserked, paralysed or teleported.
You can dig through walls and to a lower floor.
Your four strong arms can wield two-handed weapons with a shield.
You have a pair of large antennae on your head. (SInv)
Armour fits poorly on your strangely shaped body.
Your spells are a little easier to cast, but a little less powerful.


Message History

You hit the worm.
The worm is moderately wounded.
The worm barely misses you.
You riposte.
You hit the worm.
The worm is heavily wounded.
You hit the worm.
The worm is severely wounded.
The worm bites you!
* * * LOW HITPOINT WARNING * * *
You hit the worm but do no damage.
The worm is severely wounded.
You block the worm's attack.
You hit the worm.
The worm is severely wounded.
You block the worm's attack.
You barely miss the worm.
The worm is heavily wounded.
You hit the worm.
The worm is almost dead.
The worm bites you.
You die...

#......# #### #......#
...# #....!.#### ##.##
#......... #(.# #.......#
##.# #...[...# #.#
#.......# #.## #.(.....#
#..# ####w##.?... ##.#
#@######### #.#########
#.#........
####..##.#...###..........
.........#...#.......#####
.........†...'......<....
.##......#...#.........##
.##.##..##...#.......#.#
.##.###.######.......#.#
.##.# #..# #..(....# #
.##.# ##.# ##+###### .##.#
.#


You could see a worm.

Vanquished Creatures
  An orc priest (D:3)
  4 adders
  A worm (D:2)
  2 leopard geckos (D:1)
  4 orcs (D:3)
  5 giant cockroaches
  9 goblins
  2 hobgoblins (D:2)
  3 jackals (D:3)
  3 kobolds
  2 quokkas (D:2)
  A ball python (D:2)
  8 bats
  2 frilled lizards
  8 rats
55 creatures vanquished.

Notes
Turn   | Place    | Note
-------+----------+-------------------------------------------
     0 | D:1      | om the Formicid Fighter began the quest for the Orb.
     0 | D:1      | Reached XP level 1. HP: 18/18 MP: 1/1
   161 | D:1      | Reached skill level 1 in Stealth
   161 | D:1      | Reached XP level 2. HP: 24/24 MP: 2/2
   248 | D:1      | Gained mutation: Your spells are a little easier to cast,
                  | but a little less powerful. [mutagenic glow]
   267 | D:1      | Gained mutation: Armour fits poorly on your strangely
                  | shaped body. [mutagenic glow]
   930 | D:2      | Reached XP level 3. HP: 22/29 MP: 3/3
  2098 | D:3      | Reached XP level 4. HP: 30/35 MP: 4/4
  2577 | D:3      | Reached skill level 4 in Shields
  2581 | D:3      | Reached XP level 5. HP: 12/42 MP: 5/5
  2601 | D:3      | Reached skill level 1 in Dodging
  2676 | D:3      | HP: 1/42 [worm (10)]
  2680 | D:3      | Slain by a worm

Illustrated notes

Levels and vault maps discovered:
D:1:      elethiomel_arrival_infinity_welcomes_careful_drivers,
          layout_loops_ring, minmay_misc_feat_rows
D:2:      layout_basic
D:3:      layout_basic, gup_sewer_entry_spiral

Skill      XL: |  1  2  3  4  5 |
---------------+----------------+-----
Stealth        | 1 2 |  2.8
Shields        | 4 |  4.1
Dodging        | 1 |  1.0
Long Blades    | 3 |  3.0
Fighting       | |  3.7
Armour         | |  3.8

Action                   |  1- 3 |  4- 6 || total
-------------------------+-------+-------++-------
Melee: Long sword        |   119 |    89 ||   208
 Abil: Dig               |     1 |     2 ||     3
  Use: Potion            |       |     2 ||     2
       Scroll            |       |     2 ||     2
Armor: Scale mail        |    43 |    33 ||    76
Dodge: Dodged            |    44 |    46 ||    90
Block: Kite shield       |    89 |    66 ||   155
       Rpst.: Long sword |     7 |    17 ||    24
